NCAA
CINCINNATI BEARCATS @ MINNESOTA GOLDEN GOPHERS
04/15/2024
 
TOP OF THE 1ST
Cincinnati Bearcats batting - Pitching for Minnesota Golden Gophers : RHP David Dean
Pitching: RHP David Dean
Batting: RHB Chris Taylor 0-0: Ball
Single, Error in OF, E7, batter to second base
Batting: RHB Dave Jackson 0-0: Called Strike
0-1: Ball
1-1: Foul Ball, location: 2F
1-2: Ball
2-2: Ball
3-2: Base on Balls
Batting: LHB Denny Allen 0-0: Called Strike
0-1: Ball
1-1: SINGLE (Line Drive, 89S)
Chris Taylor to third
Dave Jackson to second
Runner from 3rd tries for Home, SAFE, no throw or cutoff
Batting: RHB Phil McKinney 0-0: Called Strike
0-1: Ball
1-1: Swinging Strike
1-2: Strikes out looking
Batting: RHB Bill Russell 0-0: Ball
1-0: Ball
2-0: Ground out 5-3 (Groundball, 56S)
Dave Jackson to third
Denny Allen to second
Batting: RHB Dave Richards 0-0: Called Strike
0-1: Swinging Strike
0-2: Fly out, F9 (Flyball, 89M)
Top of the 1st over - 1 run(s), 2 hit(s), 1 error(s), 2 left on base; Cincinnati 1 - Minnesota 0
BOTTOM OF THE 1ST
Minnesota Golden Gophers batting - Pitching for Cincinnati Bearcats : RHP 聲gel Torres
Pitching: RHP 聲gel Torres
Batting: RHB Carlos L鏕ez 0-0: Foul Ball, location: 2F
0-1: Ball
1-1: Ball
2-1: Foul Ball, location: 2F
2-2: Ball
3-2: Base on Balls
Batting: SHB Van White 0-0: Ball
1-0: Ball
2-0: Hit by Pitch
Carlos L鏕ez to second
Batting: LHB Matt Murphy 0-0: Called Strike
0-1: Called Strike
0-2: Ground out 4-3 (Groundball, 4M)
Carlos L鏕ez to third
Van White to second
Batting: RHB Brady McIntyre 0-0: Ball
1-0: Called Strike
1-1: Ball
2-1: Swinging Strike
2-2: Foul Ball, location: 2F
2-2: Fly out, F9 (Flyball, 89M)
Runner from 3rd tags up, SCORES, no throw
Batting: RHB Esteban Ayala 0-0: Ground out 6-3 (Groundball, 6D)
Bottom of the 1st over - 1 run(s), 0 hit(s), 0 error(s), 1 left on base; Cincinnati 1 - Minnesota 1
TOP OF THE 2ND
Cincinnati Bearcats batting - Pitching for Minnesota Golden Gophers : RHP David Dean
Batting: LHB Lance Raymond 0-0: Called Strike
0-1: Ball
1-1: Ball
2-1: Called Strike
2-2: Ground out 1-3 (Groundball, 13)
Batting: RHB Elliott Horn 0-0: Called Strike
0-1: Ball
1-1: Foul Ball, location: 2F
1-2: Ball
2-2: Foul Ball, location: 2F
2-2: Ground out 6-3 (Groundball, 6)
Batting: RHB Jeff Garmon 0-0: Ball
1-0: Swinging Strike
1-1: Foul Ball, location: 2F
1-2: Ball
2-2: Ball
3-2: Base on Balls
Batting: RHB Chris Taylor 0-0: Swinging Strike
0-1: Swinging Strike
0-2: Strikes out swinging
Top of the 2nd over - 0 run(s), 0 hit(s), 0 error(s), 1 left on base; Cincinnati 1 - Minnesota 1
BOTTOM OF THE 2ND
Minnesota Golden Gophers batting - Pitching for Cincinnati Bearcats : RHP 聲gel Torres
Batting: RHB Ben Lund 0-0: Called Strike
0-1: Hit by Pitch
Batting: LHB Nick Hopper 0-0: Called Strike
0-1: Foul Ball, location: 2F
0-2: Strikes out swinging
Batting: LHB Steve Davis 0-0: Swinging Strike
0-1: Foul Ball, location: 2F
0-2: Ball
1-2: Fly out, F7 (Flyball, 78M)
Batting: RHB F幨ix Escamilla 0-0: SINGLE (Line Drive, 4MD)
Ben Lund to second
Batting: RHB Carlos L鏕ez 0-0: Called Strike
0-1: Fly out, F7 (Flyball, 7D)
Bottom of the 2nd over - 0 run(s), 1 hit(s), 0 error(s), 2 left on base; Cincinnati 1 - Minnesota 1
TOP OF THE 3RD
Cincinnati Bearcats batting - Pitching for Minnesota Golden Gophers : RHP David Dean
Batting: RHB Dave Jackson 0-0: Fly out, F6 (Popup, 5F)
Batting: LHB Denny Allen 0-0: Foul Ball, location: 2F
0-1: Ball
1-1: Foul Ball, location: 2F
1-2: Strikes out looking
Batting: RHB Phil McKinney 0-0: Foul Ball, location: 2F
0-1: Foul Ball, location: 2F
0-2: Strikes out looking
Top of the 3rd over - 0 run(s), 0 hit(s), 0 error(s), 0 left on base; Cincinnati 1 - Minnesota 1
BOTTOM OF THE 3RD
Minnesota Golden Gophers batting - Pitching for Cincinnati Bearcats : RHP 聲gel Torres
Batting: SHB Van White 0-0: Ball
1-0: Ball
2-0: Foul Ball, location: 2F
2-1: Foul Ball, location: 2F
2-2: Strikes out swinging
Batting: LHB Matt Murphy 0-0: Ball
1-0: Swinging Strike
1-1: Ball
2-1: Ball
3-1: Swinging Strike
3-2: Strikes out swinging
Batting: RHB Brady McIntyre 0-0: Called Strike
0-1: Ball
1-1: Called Strike
1-2: Foul Ball, location: 2F
1-2: Ball
2-2: Foul Ball, location: 2F
2-2: Fly out, F5 (Popup, 15S)
Bottom of the 3rd over - 0 run(s), 0 hit(s), 0 error(s), 0 left on base; Cincinnati 1 - Minnesota 1
TOP OF THE 4TH
Cincinnati Bearcats batting - Pitching for Minnesota Golden Gophers : RHP David Dean
Batting: RHB Bill Russell 0-0: SINGLE (Line Drive, 7S)
Batting: RHB Dave Richards 0-0: Called Strike
0-1: Ball
1-1: Ball
2-1: Foul Ball, location: 2F
2-2: Ball
3-2: Foul Ball, location: 2F
3-2: 2-RUN HOME RUN (Flyball, 89XD), Distance : 367 ft
Batting: LHB Lance Raymond 0-0: Called Strike
0-1: Foul Ball, location: 2F
0-2: Strikes out swinging
Batting: RHB Elliott Horn 0-0: Called Strike
0-1: Called Strike
0-2: Ball
1-2: Ball
2-2: DOUBLE (Flyball, 9LM)
Batting: RHB Jeff Garmon 0-0: DOUBLE (Line Drive, 7LS)
Elliott Horn scores
Batting: RHB Chris Taylor 0-0: Fly out, F8 (Flyball, 8LM)
Batting: RHB Dave Jackson 0-0: Called Strike
0-1: Swinging Strike
0-2: Strikes out swinging
Top of the 4th over - 3 run(s), 4 hit(s), 0 error(s), 1 left on base; Cincinnati 4 - Minnesota 1
BOTTOM OF THE 4TH
Minnesota Golden Gophers batting - Pitching for Cincinnati Bearcats : RHP 聲gel Torres
Batting: RHB Esteban Ayala 0-0: Called Strike
0-1: Called Strike
0-2: Foul Ball, location: 2F
0-2: Foul Ball, location: 2F
0-2: Ball
1-2: Ball
2-2: Strikes out swinging
Batting: RHB Ben Lund 0-0: Called Strike
0-1: Swinging Strike
0-2: Ball
1-2: Strikes out looking
Batting: LHB Nick Hopper 0-0: Ball
1-0: Ground out 4-3 (Groundball, 4)
Bottom of the 4th over - 0 run(s), 0 hit(s), 0 error(s), 0 left on base; Cincinnati 4 - Minnesota 1
TOP OF THE 5TH
Cincinnati Bearcats batting - Pitching for Minnesota Golden Gophers : RHP David Dean
Batting: LHB Denny Allen 0-0: Called Strike
0-1: Ball
1-1: Swinging Strike
1-2: Strikes out swinging
Batting: RHB Phil McKinney 0-0: Called Strike
0-1: Ball
1-1: Ball
2-1: Ball
3-1: Foul Ball, location: 2F
3-2: Ground out 6-3 (Groundball, 6M)
Batting: RHB Bill Russell 0-0: Called Strike
0-1: Ball
1-1: Swinging Strike
1-2: Foul Ball, location: 2F
1-2: Strikes out swinging, 2-3 out at first.
Top of the 5th over - 0 run(s), 0 hit(s), 0 error(s), 0 left on base; Cincinnati 4 - Minnesota 1
BOTTOM OF THE 5TH
Minnesota Golden Gophers batting - Pitching for Cincinnati Bearcats : RHP 聲gel Torres
Batting: LHB Steve Davis 0-0: Ground out 4-3 (Groundball, 13)
Batting: RHB F幨ix Escamilla 0-0: Called Strike
0-1: Fly out, F7 (Flyball, 7D)
Batting: RHB Carlos L鏕ez 0-0: Fly out, F3 (Popup, 3SF)
Bottom of the 5th over - 0 run(s), 0 hit(s), 0 error(s), 0 left on base; Cincinnati 4 - Minnesota 1
TOP OF THE 6TH
Cincinnati Bearcats batting - Pitching for Minnesota Golden Gophers : RHP David Dean
Pitching: RHP Albert Colwill
Batting: RHB Dave Richards 0-0: Swinging Strike
0-1: Foul Ball, location: 2F
0-2: Ball
1-2: Ball
2-2: Strikes out swinging
Batting: LHB Lance Raymond 0-0: Ball
1-0: Ball
2-0: Ball
3-0: Called Strike
3-1: Ground out 1-3 (Groundball, 15S)
Batting: RHB Elliott Horn 0-0: Ball
1-0: Ground out 5-3 (Groundball, 5)
Top of the 6th over - 0 run(s), 0 hit(s), 0 error(s), 0 left on base; Cincinnati 4 - Minnesota 1
BOTTOM OF THE 6TH
Minnesota Golden Gophers batting - Pitching for Cincinnati Bearcats : RHP 聲gel Torres
Batting: SHB Van White 0-0: Fly out, F6 (Popup, 6)
Batting: LHB Matt Murphy 0-0: Ball
1-0: Foul Ball, location: 2F
1-1: Ball
2-1: Foul Ball, location: 2F
2-2: Foul Ball, location: 2F
2-2: Fly out, F8 (Flyball, 8LXD)
Batting: RHB Brady McIntyre 0-0: Ball
1-0: Foul Ball, location: 2F
1-1: Foul Ball, location: 2F
1-2: Fly out, F9 (Flyball, 89S)
Bottom of the 6th over - 0 run(s), 0 hit(s), 0 error(s), 0 left on base; Cincinnati 4 - Minnesota 1
TOP OF THE 7TH
Cincinnati Bearcats batting - Pitching for Minnesota Golden Gophers : RHP Albert Colwill
Batting: RHB Jeff Garmon 0-0: Ground out 6-3 (Groundball, 6)
Batting: RHB Chris Taylor 0-0: Swinging Strike
0-1: Swinging Strike
0-2: Strikes out looking
Batting: RHB Dave Jackson 0-0: Foul Ball, location: 2F
0-1: Fly out, F5 (Popup, 5SF)
Top of the 7th over - 0 run(s), 0 hit(s), 0 error(s), 0 left on base; Cincinnati 4 - Minnesota 1
BOTTOM OF THE 7TH
Minnesota Golden Gophers batting - Pitching for Cincinnati Bearcats : RHP 聲gel Torres
Batting: RHB Esteban Ayala 0-0: Foul Ball, location: 2F
0-1: Ball
1-1: Called Strike
1-2: Ball
2-2: Ground out 6-3 (Groundball, 6)
Pitching: RHP Edward McCormick
Batting: RHB Ben Lund 0-0: Fly out, F9 (Flyball, 8RM)
Batting: LHB Nick Hopper 0-0: Ground out U3 (Groundball, 3S)
Bottom of the 7th over - 0 run(s), 0 hit(s), 0 error(s), 0 left on base; Cincinnati 4 - Minnesota 1
TOP OF THE 8TH
Cincinnati Bearcats batting - Pitching for Minnesota Golden Gophers : RHP Albert Colwill
Pitching: LHP Jeff O'Farrell
Batting: LHB Denny Allen 0-0: SINGLE (Line Drive, 34)
Batting: RHB Phil McKinney 0-0: Ball
1-0: Called Strike
1-1: Swinging Strike
1-2: Strikes out swinging
Batting: RHB Bill Russell 0-0: Ball
1-0: Called Strike
Denny Allen steals 2nd base
1-1: Intentional Walk
Batting: RHB Dave Richards 0-0: Ball
1-0: Called Strike
1-1: Called Strike
1-2: Ball
2-2: Ball
3-2: Strikes out swinging
Batting: LHB Lance Raymond 0-0: Ball
1-0: Foul Ball, location: 2F
1-1: Called Strike
1-2: Ball
2-2: Strikes out looking
Top of the 8th over - 0 run(s), 1 hit(s), 0 error(s), 2 left on base; Cincinnati 4 - Minnesota 1
BOTTOM OF THE 8TH
Minnesota Golden Gophers batting - Pitching for Cincinnati Bearcats : RHP Edward McCormick
Now at C: Tom Johnson
Batting: LHB Steve Davis 0-0: Ground out 4-3 (Groundball, 34)
Batting: RHB F幨ix Escamilla 0-0: Ball
1-0: Ball
2-0: Fly out, F8 (Flyball, 8LM)
Batting: RHB Carlos L鏕ez 0-0: SINGLE (Line Drive, 4M)
Batting: SHB Van White 0-0: Ball
1-0: Called Strike
1-1: Called Strike
1-2: Strikes out looking
Bottom of the 8th over - 0 run(s), 1 hit(s), 0 error(s), 1 left on base; Cincinnati 4 - Minnesota 1
TOP OF THE 9TH
Cincinnati Bearcats batting - Pitching for Minnesota Golden Gophers : LHP Jeff O'Farrell
Pitching: LHP Roger Glass
Batting: RHB Elliott Horn 0-0: Ball
1-0: Ball
2-0: Swinging Strike
2-1: Ground out 1-3 (Groundball, 13S)
Batting: RHB Jeff Garmon 0-0: Foul Ball, location: 2F
0-1: Ball
1-1: Swinging Strike
1-2: Strikes out swinging
Batting: RHB Chris Taylor 0-0: Ball
1-0: Ball
2-0: DOUBLE (Flyball, 8LS)
Batting: RHB Dave Jackson 0-0: Ball
1-0: SINGLE (Line Drive, 34D)
Chris Taylor to third
Batting: LHB Denny Allen 0-0: Foul Ball, location: 2F
0-1: Ball
1-1: Called Strike
1-2: Foul Ball, location: 2F
1-2: Strikes out swinging
Top of the 9th over - 0 run(s), 2 hit(s), 0 error(s), 2 left on base; Cincinnati 4 - Minnesota 1
BOTTOM OF THE 9TH
Minnesota Golden Gophers batting - Pitching for Cincinnati Bearcats : RHP Edward McCormick
Pitching: RHP Dominic O'Higgins
Batting: LHB Matt Murphy 0-0: Called Strike
0-1: Called Strike
0-2: Strikes out swinging
Batting: RHB Brady McIntyre 0-0: Called Strike
0-1: Ball
1-1: Ball
2-1: Called Strike
2-2: SINGLE (Groundball, 6MD)
Batting: RHB Esteban Ayala 0-0: Called Strike
0-1: Called Strike
0-2: Grounds into double play, 4-6-3 (Groundball, 4)
Bottom of the 9th over - 0 run(s), 1 hit(s), 0 error(s), 0 left on base; Cincinnati 4 - Minnesota 1
This league is powered by Out of the Park Baseball, the baseball management simulation game for PC, Mac and Linux
Saturday, April 9th, 2016 - OOTP Baseball 16.8 Build 38